 Dungeon Crawl Stone Soup version 0.25.1-2-g60ff931df9 (webtiles) character file.

Game seed: 8372060239391745454

1367 pevifol the Chopper (level 8, -3/71 HPs)
             Began as a Minotaur Fighter on Nov 25, 2020.
             Was a Follower of Trog.
             Killed by nerve-wracking pain
             ... invoked by an orc priest
              (9 damage)
             ... on level 5 of the Dungeon.
             The game lasted 00:32:11 (2787 turns).

pevifol the Chopper (Minotaur Fighter)              Turns: 2787, Time: 00:32:13

Health: -3/71      AC: 11    Str: 24    XL:     8   Next: 38%
Magic:  7/7        EV:  9    Int:  5    God:    Trog [*.....]
Gold:   117        SH: 11    Dex:  9    Spells: 7/7 levels left

rFire    . . .     SeeInvis .   a - +0 war axe
rCold    . . .     Gourm    .   c - +0 kite shield
rNeg     . . .     Faith    .   b - +0 scale mail
rPois    .         Spirit   .   (helmet restricted)
rElec    .         Reflect  .   (no cloak)
rCorr    .         Harm     .   (no gloves)
MR       .....                  (no boots)
Stlth    ..........             (no amulet)
HPRegen  0.21/turn              n - +4 ring of protection
MPRegen  0.10/turn              (no ring)

@: lethally poisoned (-3 -> -4)
A: retaliatory headbutt, horns 2
a: Berserk, Renounce Religion


You were on level 5 of the Dungeon.
You worshipped Trog.
Trog was aware of your devotion.
You were very full.

You visited 2 branches of the dungeon, and saw 7 of its levels.

You collected 117 gold pieces.

Inventory:

Hand Weapons
 a - a +0 war axe (weapon)
 g - a +0 dagger
 s - a +0 flail
Missiles
 i - 92 stones (quivered)
Armour
 b - a +0 scale mail (worn)
 c - a +0 kite shield (worn)
 j - a +0 leather armour
 m - the +2 pair of boots of Xom's Wrath {+Inv Int+3, unknown}
   (You found it on level 6 of the Dungeon)

   It affects your intelligence (+3).
   It lets you turn invisible.
 p - a +0 leather armour
 r - a +2 robe of positive energy
Jewellery
 l - an uncursed ring of flight
 n - a +4 ring of protection (left hand)
Scrolls
 h - 2 scrolls of teleportation
 k - a scroll of amnesia
Potions
 e - a potion of degeneration
 q - a potion of flight {unknown}
Comestibles
 f - 4 rations


   Skills:
 * Level 6.6 Fighting
 + Level 7.7 Axes
 + Level 6.3 Armour
 - Level 1.2 Dodging
 + Level 7.1 Shields


You had 7 spell levels left.
You didn't know any spells.
Your spell library was empty.

Dungeon Overview and Level Annotations

Branches:
Dungeon (6/15)             Temple (1/1) D:6

Altars:
Cheibriados
Dithmenos
Elyvilon
Makhleb
Nemelex Xobeh
Okawaru
Qazlal
Ru
Trog
Wu Jian
Yredelemnul
Zin


Innate Abilities, Weirdness & Mutations

You reflexively headbutt those who attack you in melee.
You have a pair of horns on your head.


Message History

The orc priest is almost dead.
You feel sick. You block the orc priest's attack.
You hit the orc priest but do no damage.
The orc priest is almost dead.
The orc priest calls down the wrath of Beogh upon you.
Pain shoots through your body!
* * * LOW HITPOINT WARNING * * *
You closely miss the orc priest.
The orc priest is almost dead.
The orc priest calls down the wrath of Beogh upon you.
Pain shoots through your body!
* * * LOW HITPOINT WARNING * * *
Unknown command.
You barely miss the orc priest.
You headbutt the orc priest, but do no damage.
The orc priest is almost dead.
You feel sick.
The orc priest invokes the aid of Beogh against you.
Pain shoots through your body!
You die...

#. #.# #. #.##
#. #... ..
#..# ##..# ...
.# #o# .# #@#
.# #†# .# #.#
#.# .# #.# #.#
.## #.# #.#
..##### #.#
#.#
...ooo#####
#.# #.#
#####o....#
#.# #.#
#.###.######.#
#.#


You could see an orc priest.

Vanquished Creatures
  2 sky beasts (D:6)
  An orc warrior (D:6)
  An ogre (D:6)
  A centaur (D:6)
  2 bullfrogs (D:6)
  A scorpion (D:6)
  A howler monkey (D:4)
  2 wights (D:6)
  2 crimson imps (D:6)
  A centaur zombie (D:6)
  A quasit (D:6)
  2 orc priests
  A bullfrog skeleton (D:6)
  7 orc wizards
  An iguana (D:6)
  Natasha (D:4)
  2 worker ants
  4 adders
  An adder zombie (D:6)
  An adder skeleton (D:5)
  2 dart slugs (D:1)
  3 leopard geckos
  27 orcs
  2 giant cockroaches
  2 goblins (D:1)
  A hobgoblin (D:3)
  A quokka (D:6)
  A ball python (D:1)
  2 frilled lizards
  A jackal skeleton (D:5)
  A jackal zombie (D:6)
  A kobold (D:3)
  7 rats
86 creatures vanquished.

Notes
Turn   | Place    | Note
-------+----------+-------------------------------------------
     0 | D:1      | pevifol the Minotaur Fighter began the quest for the Orb.
     0 | D:1      | Reached XP level 1. HP: 19/19 MP: 0/0
   178 | D:1      | Reached XP level 2. HP: 27/27 MP: 1/1
   649 | D:4      | Reached XP level 3. HP: 22/34 MP: 2/2
   664 | D:4      | Reached XP level 4. HP: 19/41 MP: 3/3
   833 | D:4      | Found a stormy altar of Qazlal.
   839 | D:4      | Noticed an air elemental
   839 | D:4      | Noticed an earth elemental
   840 | D:4      | Noticed a water elemental
   840 | D:4      | Noticed a fire elemental
   848 | D:4      | Noticed Natasha
   883 | D:4      | Killed Natasha
   883 | D:4      | Reached XP level 5. HP: 34/47 MP: 4/4
  1009 | D:5      | Entered Level 5 of the Dungeon
  1111 | D:5      | Found a glowing silver altar of Zin.
  1395 | D:6      | Noticed a centaur
  1395 | D:6      | Noticed an ogre
  1437 | D:5      | Reached skill level 5 in Shields
  1496 | D:6      | Reached skill level 5 in Armour
  1496 | D:6      | Reached XP level 6. HP: 24/55 MP: 5/5
  1503 | D:6      | Reached skill level 5 in Axes
  1506 | D:6      | Reached skill level 5 in Fighting
  1506 | D:6      | Reached skill level 1 in Dodging
  1721 | D:6      | Reached XP level 7. HP: 47/61 MP: 6/6
  1745 | D:6      | Found a staircase to the Ecumenical Temple.
  1751 | Temple   | Entered the Ecumenical Temple
  1781 | Temple   | Became a worshipper of Trog the Wrathful
  1923 | D:6      | Got a pair of warped boots
  2164 | D:6      | Found a runed translucent door.
  2177 | D:6      | Reached XP level 8. HP: 70/70 MP: 7/7
  2526 | D:6      | Reached * piety under Trog
  2562 | D:6      | HP: 3/71 [orc warrior/+0 flail (18)]
  2787 | D:5      | Killed from afar by an orc priest

Illustrated notes

Levels and vault maps discovered:
D:1:      saegor_arrival_under_anarchy, layout_loops_ring
D:2:      layout_basic, grunt_gozag_statues, first_ration,
          nemelex_dance_club_becter, uniq_jessica
D:3:      layout_basic, tgw_sif
D:4:      layout_basic, fedhas_ov_isle_minmay, nicolae_qazlal_style_of_elements,
          uniq_grinder, uniq_natasha
D:5:      layout_loops_ring, lemuel_round_altar, overflow_temple_1_default,
          serial_shops, nicolae_shop_temple_entry_statues_fountains,
          grunt_tough_drop
D:6:      layout_loops_ring, kennysheep_mini_moat, minmay_temple_entry_hall,
          lightli_church_of_beogh
Temple:   cyrus_temple_forest

Skill      XL: |  1  2  3  4  5  6  7  8 |
---------------+-------------------------+-----
Fighting       | 4 5 6 |  6.6
Armour         | 4 5 6 |  6.3
Shields        | 4 5 6 7 |  7.1
Axes           | 3 4 5 6 7 |  7.7
Dodging        | 1 |  1.2

Action                   |  1- 3 |  4- 6 |  7- 9 || total
-------------------------+-------+-------+-------++-------
Melee: War axe           |    49 |    76 |   139 ||   264
       Headbutt          |     5 |    10 |    25 ||    40
Invok: Berserk           |       |       |     1 ||     1
  Use: Potion            |     1 |     2 |     2 ||     5
       Scroll            |       |     4 |     2 ||     6
  Eat: Ration            |       |     1 |     3 ||     4
       Chunk             |       |     1 |       ||     1
Armor: Scale mail        |    15 |    60 |    68 ||   143
       Robe              |       |     1 |       ||     1
Dodge: Dodged            |     9 |    28 |    30 ||    67
Block: Kite shield       |    18 |    69 |    68 ||   155
